Unix NetHack Version 3.7.0-97 Work-in-progress - last build Feb 8 2024 15:05:57 (6d6cdf8371b60126770a3d7b88910941cb14a054,branch:master). Game began 2024-03-01 13:26:42, ended 2024-03-03 07:54:14. elenmirie, neutral female gnomish Archeologist --------- +..<...@| |....frr| ........| |...(...| |.......| --------- Elenmirie the Field Worker St:14 Dx:9 Co:15 In:12 Wi:17 Ch:8 Neutral Dlvl:5 $:0 HP:0(30) Pw:19(19) AC:4 Xp:3/68 T:2175 Latest messages: A rabid rat suddenly appears next to you! A sewer rat suddenly appears next to you! A sewer rat suddenly appears next to you! The wererat bites! Coco bites the giant rat. The giant rat misses Coco. You kill the wererat! The sewer rat misses! The sewer rat bites! The rabid rat misses! The giant rat bites! The giant rat bites! The sewer rat misses! Coco bites the giant rat. The giant rat is killed! You see here a wererat corpse. Coco misses the sewer rat. Coco misses the sewer rat. Coco misses the rabid rat. You kill the giant rat! The sewer rat bites! The sewer rat bites! Coco eats a giant rat corpse. You miss the sewer rat. The sewer rat misses! The sewer rat bites! The sewer rat bites! You kill the sewer rat! The sewer rat bites! The sewer rat bites! You miss the rabid rat. The sewer rat bites! The sewer rat bites! The rabid rat misses! Coco misses the sewer rat. You miss the rabid rat. The sewer rat bites! The sewer rat misses! The rabid rat misses! Coco bites the sewer rat. The sewer rat is killed! You miss the rabid rat. The sewer rat misses! The rabid rat bites! You die... Do you want your possessions identified? [ynq] (y) y Do you want to see your attributes? [ynq] (y) y Do you want an account of creatures vanquished? [ynaq] (y) y Do you want to see your conduct and achievements? [ynq] (y) y Do you want to see the dungeon overview? [ynq] (y) y Inventory: Weapons p - 11 cursed -4 darts u - an uncursed +0 orcish dagger a - an uncursed burnt +2 bullwhip (weapon in right hand) Armor c - an uncursed +0 fedora (being worn) D - a blessed +1 pair of high boots (being worn) b - an uncursed +0 studded leather armor (being worn) Comestibles d - 3 uncursed food rations k - 2 uncursed tripe rations Tools w - an uncursed bag of holding containing 11 items z - an empty uncursed sack q - an uncursed +0 pick-axe (alternate weapon; not wielded) e - a cursed skeleton key t - an uncursed tinning kit (0:32) Gems/Stones g - an uncursed touchstone Contents of the bag of holding: 3245 gold pieces a cursed scroll of confuse monster an uncursed scroll of enchant weapon an uncursed scroll of identify 2 uncursed scrolls of teleportation an uncursed potion of extra healing a blessed potion of fruit juice a blessed potion of full healing a blessed potion of healing 2 uncursed potions of healing an uncursed potion of restore ability Elenmirie the Archeologist's attributes: Background: You were a Field Worker, a level 3 female gnomish Archeologist. You were neutral, nominally on a mission for Camaxtli who was opposed by Quetzalcoatl (lawful) and Huhetotl (chaotic). You were right-handed. You were in the Dungeons of Doom, on level 5. You entered the dungeon 2175 turns ago. You had 68 experience points, 12 more were needed to attain level 4. Basics: You had 0 out of 30 hit points. You had all 19 energy points (spell power). Your armor class was 4. Your wallet was empty, but you had 3245 zorkmids stashed away in your pack. Autopickup was on for '$' plus thrown. Final Characteristics: Your strength was 14 (limit:18/50). Your dexterity was 9 (limit:18). Your constitution was 15 (limit:18). Your intelligence was 12 (limit:19). Your wisdom was 17 (limit:18). Your charisma was 8 (limit:18). Final Status: You weren't hungry. You were unencumbered. You were wielding a whip. You had basic skill with whip. Final Attributes: You were piously aligned. You had automatic searching. You had infravision. You were warded. You are dead. Miscellaneous: You never encountered a bones level. Total elapsed playing time was 50 minutes and 38 seconds. Major events: Turn 1: elenmirie the neutral female gnomish Archeologist entered the dungeon 577: entered the Gnomish Mines 1258: attained the rank of Field Worker (level 3) 2175: killed by a rabid rat Vanquished creatures: a floating eye a giant bat 2 wererats 2 manes a large kobold 2 giant rats a yellow mold a green mold a red mold 9 jackals a goblin 4 sewer rats 7 grid bugs 4 lichens 2 kobold zombies 7 newts 46 creatures vanquished. No species were genocided or became extinct. Voluntary challenges: You were an atheist. You read items or engraved 2 times. You never engraved Elbereth. You never genocided any monsters. You never polymorphed an object. You never changed form. You used no wishes. Achievements: You entered the Gnomish Mines. You entered a shop. You attained the rank of Field Worker. The Dungeons of Doom: levels 1 to 5 Level 1: Many fountains. Level 2: Stairs down to The Gnomish Mines. Level 3: A fountain. Level 4: A fountain. Level 5: <- You were here. Final resting place for you, killed by a rabid rat. The Gnomish Mines: Level 3: Game over: ---------- / \ / REST \ / IN \ / PEACE \ / \ | elenmirie | | 3245 Au | | killed by a | | rabid rat | | | | | | 2024 | *| * * * | * _________)/\\_//(\/(/\)/\//\/|_)_______ Goodbye elenmirie the Archeologist... You died in The Dungeons of Doom on dungeon level 5 with 3393 points, and 3245 pieces of gold, after 2175 moves. You were level 3 with a maximum of 30 hit points when you died.